 Dungeon Crawl Stone Soup version 0.25.1-8-g42b30a86e7 (webtiles) character file.

Game seed: 469502133343420932

47 pokeman the Magician (level 3, -1/20 HPs)
             Began as a Deep Elf Wizard on Dec 17, 2020.
             Engulfed by a cloud of noxious fumes (2 damage)
             ... on level 2 of the Dungeon.
             The game lasted 00:02:15 (1804 turns).

pokeman the Magician (Deep Elf Wizard)              Turns: 1804, Time: 00:02:17

Health: -1/20      AC:  6    Str:  4    XL:     3   Next: 48%
Magic:  3/10       EV: 11    Int: 23    God:
Gold:   35         SH:  0    Dex: 13    Spells: 1/12 levels left

rFire    . . .     SeeInvis .   c - +1 dagger (drain)
rCold    . . .     Gourm    .   (no shield)
rNeg     . . .     Faith    .   h - +0 leather armour
rPois    .         Spirit   .   b - +0 hat
rElec    .         Reflect  .   i - +0 cloak
rCorr    .         Harm     .   (no gloves)
MR       .....                  (no boots)
Stlth    +.........             (no amulet)
HPRegen  0.06/turn              (no ring)
MPRegen  0.12/turn              (no ring)

@: confused, lethally poisoned (-1 -> -6), very slightly contaminated
A: talons 1, slimy green scales 1, low mp 1, evolution 1
a: no special abilities


You were on level 2 of the Dungeon.
You were hungry.

You visited 1 branch of the dungeon, and saw 2 of its levels.

You collected 35 gold pieces.

Inventory:

Hand Weapons
 c - a +1 dagger of draining (weapon)
Armour
 b - a +0 hat (worn)
 h - a +0 leather armour (worn)
 i - a +0 cloak (worn)
Potions
 e - a potion of curing {unknown}
 g - a potion of might {unknown}
Comestibles
 d - 4 rations
 f - 3 chunks of flesh


   Skills:
 + Level 1.0 Fighting
 + Level 0.8 Armour
 - Level 2.4 Dodging
 - Level 2.4 Stealth
 * Level 5.3 Spellcasting
 + Level 1.9 Conjurations
 - Level 1.1 Summonings
 - Level 1.1 Translocations


You had one spell level left.
You knew the following spells:

 Your Spells              Type           Power        Failure   Level  Hunger
a - Magic Dart            Conj           ###.         7%          1    None
b - Mephitic Cloud        Conj/Pois/Air  #.......     36%         3    ##.....
c - Call Imp              Summ           ##......     16%         2    None
d - Blink                 Tloc           N/A          16%         2    None
e - Conjure Flame         Conj/Fire      ##......     32%         3    ##.....

Your spell library contained the following spells:

 Spells                   Type           Power        Failure   Level  Hunger
 Slow                     Hex            #.......     24%         2    None


Dungeon Overview and Level Annotations

Branches:
Dungeon (2/15)

Altars:


Innate Abilities, Weirdness & Mutations

You have sharp toenails.
You are partially covered in slimy green scales. (AC +2)
Your magical capacity is low. (-10% MP)
You evolve.


Message History

That beam is likely to hit you.
Continue anyway?
The ball explodes into a vile cloud!
The stinking cloud engulfs the adder but does no damage.
The stinking cloud engulfs you but does no damage.
The stinking cloud engulfs the adder but does no damage.
You are engulfed in noxious fumes.
You choke on the stench!
You are confused.
* * * LOW HITPOINT WARNING * * *
x2 You feel sick.
The adder is engulfed in noxious fumes.
The adder barely misses you.
The adder is engulfed in noxious fumes.
The adder appears confused.
Unknown command.
Unknown command.
It was a potion of mutation.
You feel extremely strange.
You feel nature experimenting on you.
Don't worry, failures die fast.
You feel less energetic.
Your toenails lengthen and sharpen.
Slimy green scales grow over part of your body.
You are engulfed in noxious fumes.
You choke on the stench!
You are more confused.
You die...

#### #.. #.#
##########.#
#.........g#
#..........#######
..#..........##....#
.....).†S.(S..#.#.##
.......†.###S.#@#.#
.............(#S#.#
...#.(........☼○○.# ..
#..........S.### .
...#...#.##...####.##
....#................#
........#.#....#######
...........#####
#+#............#


You could see 2 adders.

Vanquished Creatures
  An adder (D:2)
  A worm (D:2)
  2 dart slugs (D:1)
  A leopard gecko (D:1)
  2 goblins (D:1)
  4 hobgoblins (D:1)
  4 jackals (D:1)
  2 bats
  2 frilled lizards (D:1)
  6 kobolds
  6 rats
31 creatures vanquished.

Notes
Turn   | Place    | Note
-------+----------+-------------------------------------------
     0 | D:1      | pokeman the Deep Elf Wizard began the quest for the Orb.
     0 | D:1      | Reached XP level 1. HP: 10/10 MP: 7/7
   322 | D:1      | Reached XP level 2. HP: 16/16 MP: 7/9
   883 | D:1      | Reached skill level 5 in Spellcasting
  1292 | D:1      | Reached XP level 3. HP: 20/20 MP: 8/11
  1297 | D:1      | Learned a level 3 spell: Mephitic Cloud
  1300 | D:1      | Learned a level 2 spell: Call Imp
  1303 | D:1      | Learned a level 2 spell: Blink
  1307 | D:1      | Learned a level 3 spell: Conjure Flame
  1786 | D:2      | Reached skill level 1 in Fighting
  1803 | D:2      | HP: 1/20 [poisoned by an adder]
  1804 | D:2      | Gained mutation: You evolve. [potion of mutation]
  1804 | D:2      | Gained mutation: Your magical capacity is low. (-10% MP)
                  | [potion of mutation]
  1804 | D:2      | Gained mutation: You have sharp toenails. [potion of
                  | mutation]
  1804 | D:2      | Gained mutation: You are partially covered in slimy green
                  | scales. (AC +2) [potion of mutation]
  1804 | D:2      | Engulfed by a cloud of noxious fumes

Illustrated notes

Levels and vault maps discovered:
D:1:      tarquinn_simple_flora_water_d, layout_basic, grunt_decor_resistance
D:2:      layout_basic, first_ration, uniq_natasha

Skill      XL: |  1  2  3 |
---------------+----------+-----
Spellcasting   | 5 |  5.3
Fighting       | 1 |  1.0
Armour         | |  0.8
Dodging        | |  2.4
Stealth        | |  2.4
Conjurations   | |  1.9
Summonings     | |  1.1
Translocations | |  1.1

Action                   || total
-------------------------++-------
Melee: Dagger            ||     7
 Cast: Magic Dart        ||    65
       Mephitic Cloud    ||     2
  Use: Potion            ||     1
 Stab: Sleeping          ||     1
       Confused          ||     2
  Eat: Chunk             ||     2
Armor: Leather armour    ||     2
Dodge: Dodged            ||    18
